← All builds
Suicide front / Armada / Factory first / OBSERVED BUILD

Standard suicide front

Armada Suicide front build order · Supreme Isthmus

The role's baseline: Bot Lab at 0:21 then straight into reclaim-fed T1 bot production to contest the middle and hold until T2 arrives, with an Advanced Metal Extractor around 9:45.

#rush · 2043 distinct matches · 235 players · 72% of Armada Suicide front games · team won 59% of 2421 · Recently observed

HOW TO PLAY IT

Key timing: Bot Lab by 0:20

  1. Open with mex and lab-first to get Bot Lab up by 0:20.
  2. Expand mex and wind while lab pumps units toward middle.
  3. Push Sentry and early Rocketeer, Centurion to contest middle.
  4. Get T2 constructor out once Pond's boost lets you spare metal.
  5. Upgrade mex to Advanced Metal Extractor as you transition off T1 spam.

Phase by phase

TYPICAL OF ITS 2043 GAMES
  1. 1
  2. 2
  3. 3
PLAY THE OPENING

Follow the example game's first 6:00 step by step: what to build now, what comes next, and where it goes. At 1× it keeps pace with your own game.

  1. 1

    Bot Lab first

    Order
    1. Bot LabBot Lab done ~0:25, middle half 0:20–0:33

    Some games also: mex (44%)

  2. 2

    Bot Lab to 5:00

    Economy
    • Metal Extractor5Mex
    • Wind Turbine4Wind
    Builders
    • Construction Bot3 Con bot
    • Lazarus2 Lazarus
    Army
    • Sentry4 Sentry
    • Rocketeer16 Rocketeer
    • Tick2 Tick
    • Centurion1 Centurion
    Other
    • Radar Tower1 Radar Tower

    Some games also: pawn (37%) · con turret (34%)

    By 5:00 in all: 5 mex · 4 wind

    The example game in this phase · 48 steps
    1. Wind
    2. TickTick ×2
    3. Wind
    4. LazarusLazarus
    5. Mex
    6. Construction BotCon bot ×2
    7. Mex
    8. CenturionCenturion
    9. Mex
    10. LazarusLazarus
    11. RoverScout
    12. Mex
    13. Construction BotCon bot
    14. Mex
    15. SentrySentry
    16. RocketeerRocketeer
    17. SentrySentry
    18. RocketeerRocketeer
    19. Wind
    20. RocketeerRocketeer
    21. SentrySentry
    22. RocketeerRocketeer
    23. Wind
    24. SentrySentry
    25. RocketeerRocketeer
    26. BeamerBeamer
    27. LazarusLazarus
    28. Wind
    29. OverwatchOverwatch
    30. BeamerBeamer
    31. RocketeerRocketeer
    32. BeamerBeamer
    33. RocketeerRocketeer
    34. Wind
    35. RocketeerRocketeer
    36. BeamerBeamer
    37. RocketeerRocketeer
    38. Con turret
    39. RocketeerRocketeer
    40. LazarusLazarus
    41. BeamerBeamer
    42. RocketeerRocketeer
    43. GauntletGauntletdone 5:17
    44. RocketeerRocketeer
    45. Con turret
    46. Wind
    47. RocketeerRocketeer
    48. Wind
  3. 3

    5:00 to 10:00

    Economy
    • Metal Extractor1Mex
    • Wind Turbine15Wind
    Builders
    • Construction Turret2 Con turret
    • Lazarus2 Lazarus
    • Construction Bot1 Con bot
    Army
    • Sentry1 Sentry
    • Rocketeer8 Rocketeer

    Some games also: pawn (49%) · Radar Tower (46%) · tick (45%) · centurion (44%) · energy storage (42%) · eat Bot Lab (31%)

    By 10:00 in all: 6 mex · 21 wind · 1 energy storage · 2 con turret

    The example game in this phase · 153 steps
    1. Wind ×3
    2. RocketeerRocketeer
    3. Wind
    4. GauntletGauntlet
    5. Wind
    6. NettleNettle
    7. Wind
    8. RocketeerRocketeer
    9. Wind
    10. NettleNettle
    11. Wind
    12. Con turret
    13. NettleNettle
    14. LazarusLazarus
    15. Con turret
    16. PawnPawn ×2
    17. JanusJanusfor Front
    18. PawnPawn ×3
    19. BeamerBeamer
    20. PawnPawn
    21. RocketeerRocketeer
    22. Advanced Metal ExtractorT2 mexdone 7:15 · typical 9:46
    23. RocketeerRocketeer
    24. PawnPawn
    25. RocketeerRocketeer
    26. Advanced Metal ExtractorT2 mex
    27. PawnPawn
    28. RocketeerRocketeer ×3
    29. Wind ×5
    30. Advanced Metal ExtractorT2 mex
    31. Wind
    32. LazarusLazarus
    33. Wind ×2
    34. Mex
    35. Wind
    36. JanusJanus
    37. Wind ×11
    38. PawnPawn
    39. Wind ×7
    40. Advanced Metal ExtractorT2 mex
    41. PawnPawn
    42. Wind ×3
    43. PawnPawn
    44. Wind
    45. Con turret
    46. Wind
    47. Con turret
    48. PawnPawn
    49. Wind ×7
    50. LazarusLazarus
    51. Wind
    52. Advanced Metal ExtractorT2 mex
    53. Wind ×8
    54. LazarusLazarus
    55. Wind
    56. Con turret
    57. Wind ×11
    58. PawnPawn
    59. Wind ×6
    60. PawnPawn
    61. Wind
    62. Advanced Metal ExtractorT2 mexfor Front
    63. Wind ×2
    64. Energy storage
    65. Wind
    66. Con turret
    67. T2 converter
    68. Construction BotCon bot
    69. Wind ×2
    70. Con turret
    71. Wind ×2
    72. PawnPawn
    73. T2 converter
    74. Con turret
    75. Wind ×2
    76. RattlesnakeRattlesnakedone 12:45
    77. LazarusLazarus
    78. Con turret
    79. Wind
    80. Dragon's TeethDragon's Teeth ×3
    81. Wind
    82. Construction BotCon bot
    83. Dragon's TeethDragon's Teeth ×4
    84. Wind
    85. Dragon's TeethDragon's Teeth
    86. Wind
    87. Dragon's TeethDragon's Teeth ×2
    88. Con turret
    89. Dragon's TeethDragon's Teeth
    90. Fusion ReactorFusiondone 13:11
    91. Wind ×2
    92. PawnPawn
    93. Wind
    94. Dragon's TeethDragon's Teeth
    95. Wind
    96. Con turret
    97. Wind
    98. PawnPawn
    99. Wind ×4
    100. Construction BotCon bot
    101. Wind
    102. Con turret
    103. Wind ×2
    104. Con turret
    105. Wind
    106. Advanced Radar TowerAdvanced Radar Tower
    107. Converter
    108. Wind ×3
    109. Con turret
    110. Wind ×2
    111. Converter
    112. Wind ×2
    113. BeamerBeamer
    114. Converter
    115. Wind
    116. Converter
    117. Wind
    118. Con turret
    119. Wind ×2
    120. Converter
    121. Wind
    122. Con turret
    123. Converter
    124. Advanced Fusion ReactorAdvanced Fusion Reactornot finished by 15:00
    125. Wind ×2
    126. Con turret ×3
    127. Wind
    128. Converter
    129. Wind ×2
    130. Converter
    131. Wind
    132. Con turret
    133. Wind
    134. Dragon's TeethDragon's Teeth
    135. Wind
    136. Converter
    137. Dragon's TeethDragon's Teeth ×2
    138. Con turret
    139. Dragon's TeethDragon's Teeth ×4
    140. Converter
    141. Con turret
    142. Dragon's TeethDragon's Teeth
    143. Con turret ×3
    144. Dragon's TeethDragon's Teeth ×2
    145. Con turret
    146. Dragon's TeethDragon's Teeth
    147. Wind
    148. Con turret
    149. Converter
    150. Wind ×3
    151. Converter
    152. Wind ×8
    153. Con turret

Counts are medians over the build's games: half of them build more, half fewer. The example game is [crd]sisa's (45 OS, 13/10/2026); pick another.

Team trades

IN AT LEAST 30% OF ITS GAMES

You hand over

Nothing regular.

You get

  • Tidal Generator4 Tidal from Pondfirst at 0:11 · in 68% of games
  • Advanced Construction Bot1 T2 con bot from Geo or Techfirst at 7:41 · in 57% of games

How it plays out

Typical game of this build, running totals by minute

Metal produced

010k20k
0:005:0010:0015:00

metal

Enemy metal destroyed

05k10k
0:005:0010:0015:00

metal

Own metal lost

05k10k
0:005:0010:0015:00

metal

2421 games.

Show as table
ByMetal produced: This buildEnemy metal destroyed: This buildOwn metal lost: This build
1:0023000
2:0088600
3:002007184130
4:003108642501
5:0041841348997
6:00534921851706
7:00653930602588
8:00775739393500
9:00903347044382
10:001040053145148
11:001188458575955
12:001357264066673
13:001539468757437
14:001729075038209
15:001925781168981
WHAT THE NUMBERS SAY

Standard Suicide front play wins a bit over half its games while taking the heaviest own losses of any role by 15:00.

  • + Produces 20142 metal by 15:00, highest of the front roles.
  • + First kill by 2:01 in all games, fastest contest of middle.
  • − Own metal lost hits 9178 by 15:00, more than enemy metal destroyed.
  • − Only 34% Rocketeer share shows army spread thin across many bot types.
THE EXAMPLE YOU ARE READING

[crd]sisa

44.6 OS · 13/10/2026

Open source match ↗

9 received units · includes a constructor
36 metal received · 32202 energy received

Allied construction assistance is unknown. Timings are observations, not a promise of solo reproducibility.

Typical milestones

Bot Lab0:25Middle 50%: 0:20–0:33 · n=2413
Advanced Metal Extractor9:46Middle 50%: 8:50–10:59 · n=1749

Played most by

_X_264games of this buildPlatinumBlonde188games of this buildXad165games of this buildTrapCaT109games of this buildImmort80games of this build